Map: Automaton LE

Players

SilverBullet - Winner!

  • Race: Terran Terran
  • League: Diamond
  • Spawn Location: 3:00

Malk

  • Race: Protoss Protoss
  • League: Silver
  • Spawn Location: 9:00

VOD

Have the link to the VOD?

Description

Time

  • Played on: March 30, 2019, 3:09 p.m.
  • Length: 8:42
Show
View Real Time Build Order
Export as new Build Order

SilverBullet Terran - Winner!

Build Orders:  

Get SALT Encoding   

  12  0:00  SCV  
  13  0:12  SCV  
  14  0:18  Supply Depot  
  14  0:25  SCV  
  15  0:30  Refinery  
  15  0:39  SCV  
  16  0:45  Barracks  
  16  0:51  SCV  
  17  1:03  SCV  
  18  1:16  SCV  
  19  1:28  SCV  
  19  1:32  Reaper  
  21  1:42  Orbital Command  
  21  1:59  Command Center  
  21  2:06  Factory  
  21  2:07  Barracks Reactor  
  21  2:11  SCV  
  22  2:19  Supply Depot  
  22  2:23  SCV  
  23  2:41  SCV  
  23  2:44  Marine  
  25  2:45  Marine  
  26  2:53  SCV  
  27  3:03  Marine x2  
  27  3:05  SCV, Factory Tech Lab  
  30  3:18  Refinery  
  30  3:22  SCV  
  30  3:25  Orbital Command  
  31  3:29  Marine x2  
  31  3:30  Cyclone  
  36  3:35  SCV, Starport  
  37  3:41  Supply Depot  
  37  3:48  SCV  
  38  3:51  SCV  
  38  3:55  Marine x2  
  41  4:00  SCV  
  41  4:01  Liberator  
  42  4:05  SCV  
  43  4:12  SCV  
  44  4:17  Factory Reactor  
  44  4:20  Barracks  
  44  4:22  SCV, Barracks  
  49  4:24  SCV  
  49  4:27  Marine  
  50  4:33  Refinery  
  50  4:34  SCV  
  50  4:36  SCV  
  52  4:45  Engineering Bay  
  52  4:46  SCV, Marine  
  52  4:47  Stimpack  
  52  4:52  Barracks x2  
  54  4:55  Supply Depot  
  54  4:57  SCV  
  55  5:01  Supply Depot  
  55  5:03  SCV  
  56  5:09  SCV  
  57  5:16  Missile Turret  
  57  5:17  SCV, Missile Turret  
  58  5:21  SCV  
  58  5:22  Starport Reactor  
  58  5:25  Terran Infantry Weapons Level 1  
  59  5:29  SCV  
  59  5:33  SCV  
  61  5:38  Marauder, Marine x3  
  61  5:40  Barracks Tech Lab  
  61  5:42  Barracks Tech Lab  
  66  5:46  Supply Depot  
  63  6:02  Refinery  
  63  6:03  SCV, Combat Shield  
  64  6:05  Medivac, Concussive Shells  
  64  6:06  Medivac, Marine x3  
  64  6:09  Marauder  
  73  6:13  Supply Depot  
  73  6:17  Supply Depot  
  73  6:26  SCV x2  
  73  6:31  Marauder x2  
  73  6:32  Marauder, Marine x4  
  85  6:33  Factory Reactor  
  85  6:37  Medivac  
  88  6:40  SCV x2  
  89  6:52  Marauder  
  91  6:56  Command Center  
  91  7:00  SCV x2  
  93  7:05  Marine  
  93  7:06  Marauder x2, Marine x3  
  101  7:19  Supply Depot  
  101  7:21  Supply Depot  
  101  7:22  SCV  
  102  7:41  Medivac, SCV x2  
  102  7:44  Marauder x3, Marine x4  
  113  7:46  Widow Mine  
  118  8:01  SCV x2  
  118  8:02  Supply Depot  
  118  8:08  Widow Mine  
  118  8:10  Widow Mine  
  118  8:11  Marauder x2  
  118  8:12  Orbital Command  
  126  8:13  SCV x2  
  126  8:15  Missile Turret  
  128  8:25  SCV x2  
  136  8:30  Supply Depot  
  136  8:31  Supply Depot  
Show
View Real Time Build Order
Export as new Build Order

Malk Protoss 

Build Orders:  

Get SALT Encoding   

  12  0:07  Probe  
  13  0:23  Pylon  
  13  0:28  Probe  
  14  0:48  Gateway  
  14  0:54  Assimilator  
  14  0:55  Probe  
  15  1:07  Pylon  
  15  1:08  Probe  
  16  1:20  Probe  
  17  1:35  Assimilator  
  17  1:53  Assimilator  
  17  2:04  Cybernetics Core  
  17  2:13  Gateway  
  17  2:41  Pylon  
  15  2:52  Stalker  
  14  3:06  Probe  
  15  3:18  Probe  
  15  3:22  Stalker  
  17  3:35  Warp Gate, Shield Battery  
  17  3:42  Stalker  
  19  3:50  Probe  
  19  3:52  Stalker  
  22  4:02  Probe  
  23  4:19  Robotics Facility  
  23  4:27  Pylon  
  23  4:37  Pylon  
  23  4:56  Gateway  
  24  5:07  Probe  
  24  5:12  Forge  
  24  5:42  Zealot  
  23  6:00  Probe  
  24  6:05  Stalker  
  26  6:13  Probe  
  27  6:25  Probe  
  28  6:32  Twilight Council  
  28  6:37  Probe  
  29  6:51  Zealot  
  31  7:11  Zealot  
  31  7:12  Zealot  
  35  7:25  Stalker  
  35  7:52  Stalker x2  
  39  8:05  Stalker  
  37  8:18  Stalker  
  37  8:19  Stalker  
Tags
 
Add a new tag
Caveats
  • Supply blocks, unpowered buildings, or Contaminate may cause inaccurate times.
  • Supply counts are checked every 10 seconds.